 Dungeon Crawl Stone Soup version 0.27.1-1-g398f81649c (webtiles) character file.

Game seed: 481655550452453725

5275 Descartes the Covert (level 10, 0/45 HPs)
             Began as a Spriggan Wanderer on Sept 15, 2021.
             Was a Follower of Dithmenos.
             Slain by a human (11 damage)
             ... on level 9 of the Dungeon.
             The game lasted 00:35:22 (12938 turns).

Descartes the Covert (Spriggan Wanderer)           Turns: 12938, Time: 00:35:23

Health: 0/45       AC:  3    Str: 10    XL:     10   Next: 36%
Magic:  23/24      EV: 22    Int: 14    God:    Dithmenos [*.....]
Gold:   393        SH:  0    Dex: 16    Spells: 6/15 levels left

rFire    . . .     SeeInvis +   a - +2 short sword (drain)
rCold    . . .     Faith    .   (shield restricted)
rNeg     . . .     Spirit   .   c - +0 robe
rPois    .         Reflect  .   (helmet restricted)
rElec    .         Harm     .   C - +0 cloak
rCorr    .         Rampage  .   (gloves unavailable)
Will     +....                  (boots unavailable)
Stlth    +++++.....             H - amulet of magic regeneration
HPRegen  0.15/turn              w - ring of magical power
MPRegen  0.44/turn              (no ring)

@: mighty, confusing by touch, about to teleport, wreathed by umbra, very quick
A: very small, no large weapons, unfitting armour, see invisible, speed 3
a: Renounce Religion


You were on level 9 of the Dungeon.
You worshipped Dithmenos.
Dithmenos was aware of your devotion.
You visited 2 branches of the dungeon, and saw 12 of its levels.

You collected 393 gold pieces.

Inventory:

Hand Weapons
 a - a +2 short sword of draining (weapon)
 b - a +0 shortbow
 y - a +0 rapier
 B - a +3 quarterstaff of chaos
 F - a +0 hand crossbow
Missiles
 k - 55 stones (quivered)
 l - 9 bolts
 t - 3 boomerangs
 x - 49 sling bullets
 D - 5 curare-tipped darts
 E - 36 arrows
 J - 11 poisoned darts
 K - 3 boomerangs of dispersal
Armour
 c - a +0 robe (worn)
 g - a +0 buckler
 C - a +0 cloak (worn)
Jewellery
 w - a ring of magical power (left hand)
 H - an amulet of magic regeneration (around neck)
Wands
 G - a wand of paralysis (4)
Scrolls
 d - 8 scrolls of identify {unknown}
 f - 2 scrolls of teleportation
 h - a scroll of torment
 j - a scroll of holy word {unknown}
 m - a scroll of silence {unknown}
 o - 3 scrolls of fog {unknown}
 p - a scroll of enchant weapon {unknown}
 q - a scroll of acquirement {unknown}
 r - a scroll of amnesia {unknown}
 u - a scroll of enchant armour {unknown}
 v - 2 scrolls of noise {unknown}
 M - a scroll of immolation {unknown}
Potions
 e - 2 potions of resistance {unknown}
 i - a potion of brilliance {unknown}
 n - 2 potions of might
 s - a potion of invisibility {unknown}
 z - 3 potions of heal wounds {unknown}
 A - a potion of mutation {unknown}
 I - a potion of magic {unknown}
 L - a potion of cancellation {unknown}
 N - a potion of ambrosia {unknown}


   Skills:
 - Level 1.0 Fighting
 + Level 6.7 Short Blades
 + Level 3.2 Bows
 - Level 2.0 Crossbows
 - Level 2.0 Throwing
 + Level 8.4 Dodging
 + Level 9.8 Stealth
 + Level 4.5 Shields
 - Level 3.0 Spellcasting
 + Level 4.8 Hexes
 - Level 5.0 Translocations
 - Level 5.0 Transmutations
 - Level 1.0 Fire Magic
 - Level 5.0 Poison Magic


You had 6 spell levels left.
You knew the following spells:

 Your Spells              Type           Power      Damage    Failure   Level
a - Sting                 Tmut/Pois      64%        1d6       2%          1
b - Blink                 Tloc           N/A        N/A       4%          2
c - Mephitic Cloud        Conj/Pois/Air  6%         N/A       32%         3
d - Confusing Touch       Hex            15%        N/A       9%          3

Your spell library contained the following spells:

 Spells                   Type           Power      Damage    Failure   Level
 Slow                     Hex            15%        N/A       4%          2
 Passwall                 Tmut/Erth      7%         N/A       12%         2
 Animate Skeleton         Necr           4%         N/A       22%         1
 Magic Dart               Conj           8%         1d3       22%         1
 Pain                     Necr           8%         1d4       22%         1
 Sandblast                Erth           4%         2d4       22%         1
 Call Imp                 Summ           2%         N/A       32%         2
 Conjure Flame            Conj/Fire      3%         6-21      45%         3
 Ozocubu's Armour         Ice            2%         N/A       54%         3
 Vampiric Draining        Necr           1%         2d6       54%         3
 Lee's Rapid Deconstruct  Erth           1%         3d5*      99%         5
 Ozocubu's Refrigeration  Ice            1%         4d5       100%        7


Dungeon Overview and Level Annotations

Branches:
Dungeon (11/15)            Temple (1/1) D:7
   Lair: D:8-11         Orc: D:9-12

Altars:
Cheibriados
Dithmenos
Elyvilon
Gozag
Hepliaklqana
Kikubaaqudgha
Makhleb
Nemelex Xobeh
Qazlal
Ru
Sif Muna
Trog
Vehumet
Wu Jian
Yredelemnul
Zin
The Shining One
Lugonu

Annotations:
D:11 exclusion: death knight


Innate Abilities, Weirdness & Mutations

You are very small and have problems with some larger weapons.
You are too small for most types of armour.
You have supernaturally acute eyesight. (SInv)
You cover ground extremely quickly. (Speed+++)


Message History

There is an escape hatch in the ceiling here.
A mysterious force pulls you upwards. The hatch slams shut behind you.
You hear the roar of battle.
There is an entrance to a bailey on this level.
Hurry and find it before the portal closes forever!
Okay, then. 2 yaks come into view.
Found a brass wand.
The human shouts! x2; The yak bellows! x3; The human shouts!
You hear a shout!
The human shouts!
The yak bellows!
You hit the human. You drain the human.
The human is lightly wounded.
The human unwields a +0 hunting sling.
The human hits you.
The human shoots a stone.
The stone misses you.
Casting: Confusing Touch (dangerous; 9% risk of failure)
Confirm with . or Enter, or press ? or * to list all spells.
Okay, then.
Casting: Confusing Touch (dangerous; 9% risk of failure)
Confirm with . or Enter, or press ? or * to list all spells.
Your hands begin to glow red.
The human shoots a stone.
The stone completely misses you.
The human shoots a stone.
The stone misses you. The human misses you.
You hit the human but do no damage.
The human is lightly wounded.
A centaur comes into view.
The human shoots a stone.
The stone misses you. The human misses you.
As you read the scroll labelled ORIDDINAOD, it crumbles to dust.
You feel strangely unstable.
It was a scroll of teleportation.
The human barely misses you. The yak closely misses you.
The human shoots a stone.
The stone closely misses you.
As you read the scroll labelled KIPTU RAKHLAST, it crumbles to dust.
Your body is wracked with pain!
The human convulses! x3; The yak convulses!
The human convulses! x2; The centaur convulses!
The yak convulses! x3
It was a scroll of torment.
The human closely misses you. The yak gores you!
* * * LOW HITPOINT WARNING * * *
The human completely misses you.
Okay, then.
It was a potion of might.
You feel very mighty all of a sudden. The human hits you with a +0 club!
You die...

.......##
.........
........#
........# .
.....Y.Y###+#..
.......Y.......
......Yppp.....
.......@ppc....
........###../.
######### #


You could see 4 yaks, 5 humans and a centaur.

Vanquished Creatures
  A boulder beetle (D:11)
  An unseen horror (D:11)
  Grinder (D:4)
  Sigmund (D:5)
  A wyvern (D:6)
  4 yaks
  Duvessa (D:6)
  2 black bears
  3 necrophages (D:5)
  3 sky beasts
  3 ice beasts
  An orc warrior (D:7)
  An ogre (D:6)
  A centaur (D:6)
  A kobold brigand (D:7)
  3 bullfrogs
  2 wyvern zombies
  3 scorpions
  Dowan (D:6)
  A water moccasin zombie (D:6)
  A jelly (D:6)
  2 wights (D:5)
  5 centaur zombies
  A crimson imp (D:7)
  A bullfrog zombie (D:5)
  An orc priest (D:7)
  3 hounds
  A human zombie (D:5)
  Crazy Yiuf (D:4)
  A bullfrog skeleton (D:6)
  2 iguanas (D:6)
  2 orc wizards
  Ijyb (D:3)
  A killer bee zombie (D:5)
  A mummy (D:5)
  A hound zombie (D:5)
  2 howler monkey zombies
  4 adders
  An ufetubus (D:5)
  An adder zombie (D:5)
  2 worms
  A dart slug (D:2)
  12 orcs
  5 bats
  9 endoplasms
  7 giant cockroaches
  6 goblins
  4 hobgoblins
  4 jackals (D:2)
  10 kobolds
  A quokka (D:1)
  7 ball pythons
  3 frilled lizards
  A jackal skeleton (D:4)
  3 rats
143 creatures vanquished.

Notes
Turn   | Place    | Note
-------+----------+-------------------------------------------
     0 | D:1      | Descartes the Spriggan Wanderer began the quest for the
                  | Orb.
     0 | D:1      | Descartes set off with the following items: a +0 hand
                  | crossbow, 25 bolts, a +0 robe; and the following spells
                  | available to memorise: Sting, Magic Dart, Blink, Call Imp,
                  | Slow, Mephitic Cloud, Conjure Flame
     0 | D:1      | Reached XP level 1. HP: 10/10 MP: 5/5
     2 | D:1      | Learned a level 1 spell: Sting
    51 | D:1      | Reached skill level 1 in Stealth
    59 | D:1      | Reached skill level 1 in Dodging
    61 | D:1      | Reached XP level 2. HP: 14/14 MP: 6/6
    62 | D:1      | Reached skill level 1 in Transmutations
   138 | D:1      | Found a faded altar of an unknown god.
   358 | D:1      | Learned a level 2 spell: Blink
   786 | D:2      | Reached XP level 3. HP: 18/18 MP: 8/8
   873 | D:2      | Reached skill level 2 in Stealth
  1384 | D:2      | Learned a level 3 spell: Mephitic Cloud
  1840 | D:3      | Reached XP level 4. HP: 22/22 MP: 9/9
  2089 | D:3      | Noticed Ijyb
  2186 | D:3      | Killed Ijyb
  2187 | D:3      | Reached skill level 1 in Short Blades
  2354 | D:3      | Reached skill level 3 in Stealth
  2354 | D:3      | Reached XP level 5. HP: 17/25 MP: 8/10
  2362 | D:3      | Reached skill level 1 in Shields
  2966 | D:4      | You fall into a shaft and drop 1 floor!
  2966 | D:5      | Entered Level 5 of the Dungeon
  3013 | D:5      | Noticed a sky beast
  3023 | D:5      | Killed a sky beast
  3032 | D:5      | Noticed an ice beast
  3152 | D:5      | Killed an ice beast
  3153 | D:5      | Reached XP level 6. HP: 30/30 MP: 11/11
  3352 | D:4      | Found an opulent altar of Gozag.
  3364 | D:5      | Reached skill level 4 in Stealth
  3398 | D:5      | Noticed Sigmund
  3424 | D:5      | Killed Sigmund
  3425 | D:5      | Reached XP level 7. HP: 16/33 MP: 10/12
  4070 | D:5      | Reached skill level 5 in Stealth
  4505 | D:5      | Found a basalt altar of Yredelemnul.
  4984 | D:4      | Found a shimmering blue altar of Sif Muna.
  5002 | D:4      | Reached XP level 8. HP: 37/37 MP: 13/13
  5586 | D:5      | Reached skill level 5 in Dodging
  5586 | D:5      | Reached skill level 6 in Stealth
  5586 | D:5      | Reached skill level 5 in Transmutations
  5849 | D:5      | Found an ornate altar of the Wu Jian Council.
  6618 | D:4      | Noticed Grinder
  6621 | D:4      | Paralysed by Grinder for 7 turns
  6863 | D:4      | Found a runed translucent door.
  6864 | D:4      | Noticed Crazy Yiuf
  6968 | D:4      | Found a stormy altar of Qazlal.
  7214 | D:4      | Paralysed by Grinder for 3 turns
  7497 | D:4      | Killed Grinder
  7498 | D:4      | Reached skill level 7 in Stealth
  7498 | D:4      | Reached skill level 5 in Poison Magic
  7809 | D:4      | Killed Crazy Yiuf
  7885 | D:6      | Found a snail-covered altar of Cheibriados.
  7939 | D:6      | Found an ancient bone altar of Kikubaaqudgha.
  8158 | D:6      | Learned a level 3 spell: Confusing Touch
  8218 | D:6      | Reached skill level 5 in Short Blades
  8438 | D:6      | Reached skill level 1 in Translocations
  8539 | D:6      | Found a shadowy altar of Dithmenos.
  8550 | D:6      | Reached skill level 1 in Bows
  8550 | D:6      | Reached XP level 9. HP: 41/41 MP: 14/14
  8552 | D:6      | Became a worshipper of Dithmenos the Shadowed
  8639 | D:6      | Reached skill level 1 in Hexes
  8889 | D:6      | Found a glowing silver altar of Zin.
  9812 | D:6      | Reached skill level 8 in Stealth
  9859 | D:7      | Noticed Duvessa
  9859 | D:7      | Noticed Dowan
  9992 | D:6      | Killed Duvessa
 10012 | D:6      | Killed Dowan
 10824 | D:7      | Found a staircase to the Ecumenical Temple.
 10884 | Temple   | Entered the Ecumenical Temple
 10999 | D:7      | Reached skill level 9 in Stealth
 12026 | D:7      | Found a burning altar of Makhleb.
 12084 | D:7      | Reached XP level 10. HP: 22/45 MP: 15/15
 12439 | D:8      | Found a bloodstained altar of Trog.
 12439 | D:8      | You fall into a shaft and drop 3 floors!
 12456 | D:11     | Noticed a death knight
 12613 | D:11     | Reached * piety under Dithmenos
 12614 | D:11     | Reached skill level 5 in Translocations
 12744 | D:11     | Noticed a boulder beetle
 12785 | D:11     | Killed a boulder beetle
 12918 | D:10     | Entered Level 10 of the Dungeon
 12938 | D:9      | Slain by a human

Illustrated notes

Levels and vault maps discovered:
D:1:      onia_arrival_mini_spirals, layout_rooms,
          shapermc_ecumenical_altar_petra
D:2:      layout_basic
D:3:      layout_loops_ring, moated_statue, uniq_ijyb
D:4:      layout_basic, nicolae_qazlal_scattered_showers,
          mainiacjoe_overflow_tiny_flanked, grunt_gozag_statues,
          chequers_arboretum, uniq_crazy_yiuf_cottage, uniq_grinder
D:5:      layout_loops_ring, lemuel_mausoleum_altar_yredelemnul,
          nicolae_wu_jian_immortal_techniques, uniq_sigmund
D:6:      layout_basic, cheibriados_altar_1,
          nicolae_kikubaaqudgha_miasma_corner, zin_treasury, old_standard_altar,
          hangedman_decor_lopped
D:7:      layout_cave_pools, makhleb_grotto_becter,
          minmay_temple_entry_poolview, uniq_duvessa
D:8:      layout_basic, old_standard_altar, ashenzari_conservatory_becter,
          dancing_weapons_uskayaw, minmay_lair_entry_grove,
          hangedman_abyss_or_decor_lesser_grid, uniq_prince_ribbit1
D:9:      layout_roguey, enter_bailey_3, hangedman_abyss_or_decor_clamps,
          minmay_ruffians
D:10:     layout_basic, mainiacjoe_overflow_paths, old_standard_altar,
          mainiacjoe_overflow_concentric_impassable, gammafunk_ghost_split,
          minmay_lindwurm_lava, uniq_nergalle
D:11:     layout_basic, uniq_erolcha
Temple:   corrupted_temple

Skill      XL: |  1  2  3  4  5  6  7  8  9 10 |
---------------+-------------------------------+-----
Stealth        | 1 2 3 4 5 7 9 |  9.8
Dodging        | 1 2 3 4 6 7 8 |  8.4
Transmutations | 1 2 3 4 5 |  5.0
Short Blades   | 1 2 3 5 6 |  6.7
Shields        | 1 2 3 4 |  4.5
Poison Magic   | 3 4 5 |  5.0
Translocations | 1 4 5 |  5.0
Bows           | 1 2 3 |  3.2
Spellcasting   | 3 |  3.0
Hexes          | 3 4 |  4.8
Fighting       | |  1.0
Crossbows      | |  2.0
Throwing       | |  2.0
Fire Magic     | |  1.0

Action                   |  1- 3 |  4- 6 |  7- 9 | 10-12 || total
-------------------------+-------+-------+-------+-------++-------
Melee: Short sword       |    27 |    39 |   169 |    72 ||   307
 Fire: Hand crossbow     |    88 |    67 |   271 |       ||   426
       Shortbow          |       |       |    31 |       ||    31
 Cast: Sting             |     3 |    15 |    86 |       ||   104
       Confusing Touch   |       |       |       |     5 ||     5
  Use: Scroll            |       |       |       |     2 ||     2
       Potion            |       |       |       |     1 ||     1
 Stab: Sleeping          |       |       |     3 |       ||     3
       Confused          |       |       |       |     6 ||     6
       Distracted        |       |       |       |     1 ||     1
Armor: Robe              |     4 |     3 |    12 |     6 ||    25
Dodge: Dodged            |    39 |    34 |   259 |    69 ||   401
